 Dungeon Crawl Stone Soup version 0.31-a0-1338-gb567cfdca4 (webtiles) character file.

Game seed: 14527740836518879060

151 jasper the Merchant of Misery (level 5, -1/35 HPs)
             Began as a Mummy Necromancer on Dec 22, 2023.
             Was a Believer of Kikubaaqudgha.
             Slain by a gnoll
             ... wielding a +0 halberd
              (11 damage)
             ... on level 4 of the Dungeon.
             The game lasted 00:06:03 (3192 turns).

jasper the Merchant of Misery (Mummy Necromancer)   Turns: 3192, Time: 00:06:03

Health: -1/35      AC:  6    Str: 14    XL:     5   Next: 11%
Magic:  0/9        EV: 11    Int: 29    God:    Kikubaaqudgha [**....]
Gold:   18         SH:  4    Dex: 12    Spells: 0/10 levels left

rFire   x . .        i - +0 rapier
rCold   + . .        l - +0 buckler
rNeg    + + +        w - +0 leather armour
rPois   ∞            (no helmet)
rElec   .            r - +0 cloak
rCorr   .            n - +1 pair of gloves
SInv    .            (no boots)
Will    .....        (no amulet)
Stlth   +            v - ring "Muicoyth" {Str+3 Int+6}
HPRegen 0.25/turn    s - +6 ring of intelligence
MPRegen 0.11/turn

%: faith
@: no status effects
A: cold resistance 1, negative energy resistance 3, torment resistance 2, heat
vulnerability 1, in touch with death 1, no potions, faith
a: Renounce Religion, Unearth Wretches


You were on level 4 of the Dungeon.
You worshipped Kikubaaqudgha.
Kikubaaqudgha was pleased with you.
You visited 1 branch of the dungeon, and saw 4 of its levels.

You collected 144 gold pieces.
You spent 126 gold pieces at shops.

Inventory:

Hand Weapons
 c - a +0 dagger
 i - a +0 rapier (weapon)
 o - a +0 war axe
 y - a +0 trident
Missiles
 p - 2 poisoned darts
Armour
 a - a +0 robe
 b - a +0 leather armour
 d - a +0 ring mail
 l - a +0 buckler (worn)
 n - a +1 pair of gloves (worn)
 q - the +0 pair of gloves of Classification {*Corrode rPois rC++ Dex+3}
   (You found it on level 3 of the Dungeon)

   Dex+3:     It affects your dexterity (+3).
   rC++:      It greatly protects you from cold.
   rPois:     It protects you from poison *Corrode: It may corrode you when you
   take damage.
 r - a +0 cloak (worn)
 t - an orb of wrath
 w - a +0 leather armour (worn)
Jewellery
 f - a +4 ring of protection
 s - a +6 ring of intelligence (right hand)
 v - the ring "Muicoyth" (left hand) {Str+3 Int+6}
   (You found it on level 3 of the Dungeon)

   [ring of intelligence]

   Str+3:     It affects your strength (+3).
   Int+6:     It affects your intelligence (+6).
Scrolls
 e - 3 scrolls of identify {unknown}
 g - a scroll of teleportation {unknown}
 h - a scroll of fear {unknown}
 j - a scroll of vulnerability {unknown}
 k - 2 scrolls of enchant weapon {unknown}
 m - 2 scrolls of blinking {unknown}
 u - a scroll of enchant armour {unknown}
 x - a scroll of torment {unknown}


   Skills:
 - Level 1.5 Dodging
 - Level 1.5 Stealth
 + Level 1.7 Shields
 - Level 3.0 Spellcasting
 + Level 5.8 Necromancy


You couldn't memorise any spells.
You knew the following spells:

 Your Spells              Type           Power      Damage    Failure   Level
a - Necrotise             Necr           100%       1d9       1%          1
b - Vampiric Draining     Necr           55%        2d9       3%          3
c - Animate Dead          Necr           55%        N/A       12%         4
d - Cigotuvi's Dreadful   Necr/Alch/Air  46%        N/A       9%          2

Your spell library contained the following spells:

 Spells                   Type           Power      Damage    Failure   Level
 Agony                    Necr           55%        N/A       32%         5


Dungeon Overview and Level Annotations

Branches:
Dungeon (4/15)             Temple (0/1) D:4

Altars:
Kikubaaqudgha

Shops:
D:2 [

Portals:
Ossuary: D:4


Innate Abilities, Weirdness & Mutations

You are immune to poison.
Your flesh is cold resistant. (rC+)
You are immune to negative energy. (rN+++)
You are immune to unholy pain and torment.
You are vulnerable to heat. (rF-)
You are in touch with the powers of death.
You do not drink.
You have a special connection with the divine. (Faith)


Message History

Something hits your orc skeleton!
Your orc skeleton is destroyed!
The gnoll barely misses you.
Aiming: Necrotise (safe; 1% risk of failure)
Press: ? - help, Q - select action, (/) - cycle Shift-Dir - straight line, f - gnoll
Aim: a gnoll, wielding a +3 halberd (chance to affect: 88%)
You feel a surge of power!
The gnoll writhes in agony!
A gnoll comes into view. It is wielding a +0 halberd.
The gnoll hits you from afar with a +3 halberd.
You take 5 damage, and have 20/35 hp.
You now have 5/9 mp.
Aiming: Necrotise (safe; 1% risk of failure)
Press: ? - help, Q - select action, (/) - cycle Shift-Dir - straight line, f/p - gnoll
Aim: a gnoll, wielding a +3 halberd (severely wounded, chance to affect: 88%)
You feel a surge of power!
The gnoll writhes in agony.
The gnoll hits you from afar with a +3 halberd.
The gnoll barely misses you.
You take 6 damage, and have 14/35 hp.
Aiming: Necrotise (safe; 1% risk of failure)
Press: ? - help, Q - select action, (/) - cycle Shift-Dir - straight line, f/p - gnoll
Aim: a gnoll, wielding a +3 halberd (severely wounded, chance to affect: 88%)
You feel a surge of power!
The gnoll barely resists.
You block the gnoll's attack. The gnoll barely misses you.
You now have 4/9 mp.
Casting: Necrotise (safe; 1% risk of failure)
Confirm with . or Enter, or press ? or * to list all spells.
Aiming: Vampiric Draining (dangerous; 3% risk of failure)
Press: ? - help, Shift-Dir - straight line, f - gnoll, p - gnoll
Aim: a gnoll, wielding a +0 halberd (lightly wounded)
You feel a surge of power!
You draw life force from the gnoll!
You feel life coursing into your body. The gnoll barely misses you.
The gnoll hits you from afar with a +3 halberd!
* * * LOW HITPOINT WARNING * * *
You take 5 damage, and have 9/35 hp.
You now have 1/9 mp.
Aiming: Necrotise (safe; 1% risk of failure)
Press: ? - help, Q - select action, (/) - cycle Shift-Dir - straight line, f/p - gnoll
Aim: a gnoll, wielding a +0 halberd (severely wounded, chance to affect: 88%)
You feel a surge of power!
The gnoll writhes in agony.
The gnoll hits you with a +0 halberd!
You die...
Kikubaaqudgha rasps: "You have failed me!
Welcome... oblivion!"

## #.. #.# ##.# .. . ...
.## #. ####.## ... .<
#.##.....#..# .
##.......@#.# .
..........gg# ### ....##.
#.##.....#.###8>8. .#.##.
#..............% ..... #
###..##.#####... #.##. #.
#.)# ... .....##.##.
#.####.)########.........
#........................
###.....#####.##...#.....


You could see 2 gnolls.

Vanquished Creatures
  A gnoll (D:4)
  4 adders
  A bombardier beetle (D:4)
  2 dart slugs
  6 orcs (D:4)
  8 ball pythons
  9 bats
  6 endoplasms
  5 giant cockroaches
  6 goblins
  7 hobgoblins
  3 jackals
  4 quokkas
  9 frilled lizards
  5 kobolds
  4 rats
80 creatures vanquished.

Vanquished Creatures (collateral kills)
  A goblin (D:2)
  5 frilled lizards (D:3)
  A rat (D:1)
7 creatures vanquished.

Grand Total: 87 creatures vanquished

Notes
Turn   | Place    | Note
-------+----------+-------------------------------------------
     0 | D:1      | jasper the Mummy Necromancer began the quest for the Orb.
     0 | D:1      | Reached XP level 1. HP: 13/13 MP: 4/4
     3 | D:1      | Noticed an electric eel
     4 | D:1      | Noticed an electric eel
   102 | D:1      | Found a faded altar of an unknown god.
   243 | D:1      | Reached XP level 2. HP: 19/19 MP: 3/6
  1226 | D:2      | Reached XP level 3. HP: 24/24 MP: 1/7
  1301 | D:2      | Reached skill level 5 in Necromancy
  1445 | D:2      | Found an ancient bone altar of Kikubaaqudgha.
  1462 | D:2      | Became a worshipper of Kikubaaqudgha
  1474 | D:2      | Learned a level 3 spell: Vampiric Draining
  1485 | D:2      | Found Zepuo's Armour Shoppe.
  1493 | D:2      | Bought a +0 buckler for 63 gold pieces
  1745 | D:2      | Reached XP level 4. HP: 30/30 MP: 4/8
  1750 | D:2      | Learned a level 4 spell: Animate Dead
  2334 | D:3      | Reached skill level 1 in Shields
  2374 | D:3      | Reached * piety under Kikubaaqudgha
  2374 | D:3      | Received a gift from Kikubaaqudgha
  2523 | D:3      | Identified the +0 pair of gloves of Classification
                  | {*Corrode rPois rC++ Dex+3}
  2687 | D:2      | Bought a +0 cloak for 63 gold pieces
  2822 | D:3      | Identified the ring "Muicoyth" {Str+3 Int+6}
  3035 | D:4      | Found a sand-covered staircase.
  3035 | D:4      | Found a staircase to the Ecumenical Temple.
  3047 | D:4      | Reached ** piety under Kikubaaqudgha
  3061 | D:4      | Reached XP level 5. HP: 35/35 MP: 1/9
  3064 | D:4      | Learned a level 2 spell: Cigotuvi's Dreadful Rot
  3192 | D:4      | Slain by a gnoll

Illustrated notes

Levels and vault maps discovered:
D:1:      arrival_aquarium_b, layout_basic,
          shapermc_ecumenical_altar_mp_highgroup, minmay_pentomino_w4
D:2:      minmay_chambers_of_ones, layout_basic, serial_shops, shop_statue,
          basic_altar, chequers_serial_rivers_small_b,
          kennysheep_generic_room_14
D:3:      layout_basic, minmay_lizard_king
D:4:      minmay_evil_eye, layout_loops_ring, temple_statues, enter_ossuary_1,
          minmay_misc_feat_tiny, uniq_eustachio

Skill      XL: |  1  2  3  4 |
---------------+-------------+-----
Spellcasting   | 3 |  3.0
Necromancy     | 5 |  5.8
Shields        | 1 |  1.7
Dodging        | |  1.5
Stealth        | |  1.5

Action                     |  1- 3 |  4- 6 || total
---------------------------+-------+-------++-------
  Melee: Dagger            |    12 |       ||    12
         Rapier            |     1 |     6 ||     7
   Cast: Necrotise         |    64 |    76 ||   140
         Vampiric Draining |       |     1 ||     1
 Armour: Robe              |    26 |    11 ||    37
         Leather armour    |       |     6 ||     6
  Dodge: Dodged            |    25 |    13 ||    38
  Block: Buckler           |       |     8 ||     8

Table legend: (Time is in decaauts)
 A = Elapsed time spent in this place.
 B = Non-inter-level travel time spent in this place.
 C = Inter-level travel time spent in this place.
 D = Time resting spent in this place.
 E = Time spent auto-exploring this place.
 F = Levels seen in this place.
 G = Mean time per level.
                   A        B        C        D        E       F      G
               +--------+--------+--------+--------+--------+-----+--------+
         Total |   3190 |   3048 |    142 |     44 |   2433 |   4 |  797.5 |
       Dungeon |   3190 |   3048 |    142 |     44 |   2433 |   4 |  797.5 |
               +--------+--------+--------+--------+--------+-----+--------+

Top non-repeatable levels by time:
     D:1: 1202 daAuts
     D:2: 1155 daAuts
     D:3: 471 daAuts
     D:4: 361 daAuts
